 Dungeon Crawl Stone Soup version 0.31-a0-640-g39d97e502b (webtiles) character file.

Game seed: 17069283695397632647

62297 qw the Marksgargoyle (level 15, -9/100 HPs)
             Began as a Gargoyle Hunter on Aug 27, 2023.
             Was an Elder of Okawaru.
             Mangled by a skeletal warrior
             ... wielding a +0 war axe
              (13 damage)
             ... on level 14 of the Dungeon.
             The game lasted 00:09:25 (18599 turns).

qw the Marksgargoyle (Gargoyle Hunter)             Turns: 18599, Time: 00:09:26

Health: -9/100     AC: 22    Str: 16    XL:     15   Next: 5%
Magic:  22/22      EV: 24    Int: 10    God:    Okawaru [****..]
Gold:   1703       SH:  0    Dex: 25    Spells: 14/14 levels left

rFire   . . .        s - +3 arbalest (heavy)
rCold   + . .        (shield currently unavailable)
rNeg    + . .        g - +3 leather armour
rPois   inf          (no helmet)
rElec   +            l - +0 cloak
rCorr   .            (no gloves)
SInv    .            o - +1 pair of boots
Will    +....        (no amulet)
Stlth   ++++         a - +6 ring of dexterity
HPRegen 0.36/turn    c - ring of protection from cold
MPRegen 0.18/turn

%: no passive effects
@: heroic, flying
A: sickness immunity, AC +11, big wings, negative energy resistance 1,
electricity resistance, torment resistance 1, petrification resistance
a: Renounce Religion, Heroism, Finesse


You were on level 14 of the Dungeon.
You worshipped Okawaru.
Okawaru was greatly pleased with you.
You visited 2 branches of the dungeon, and saw 19 of its levels.

You collected 1942 gold pieces.
You spent 239 gold pieces at shops.


Innate Abilities, Weirdness & Mutations

You are immune to sickness and miasma.
Your stone body is resilient. (AC +11)
You are immune to poison.
Your large and strong wings let you fly.
You resist negative energy. (rN+)
You are resistant to electric shocks. (rElec)
You are resistant to unholy torment.
You are immune to petrification.


   Skills:
 + Level 13.9(18.9) Fighting
 - Level 18.0(23.0) Ranged Weapons
 - Level 6.0(11.0) Armour
 - Level 9.0(14.0) Dodging
 - Level 1.1(6.1) Stealth
 - Level 10.0 Invocations


You had 14 spell levels left.
You didn't know any spells.
Your spell library was empty.

Inventory:

Hand Weapons
 s - a +3 heavy arbalest (weapon)
Armour
 f - a +0 leather armour of fire resistance
 g - a +3 leather armour (worn)
 l - a +0 cloak (worn)
 o - a +1 pair of boots (worn)
Jewellery
 a - a +6 ring of dexterity (left hand)
 c - a ring of protection from cold (right hand)
 h - a ring of positive energy
 r - a ring of protection from fire
Scrolls
 e - 4 scrolls of identify
 k - 5 scrolls of teleportation
Potions
 b - a potion of cancellation
 d - 3 potions of haste
 i - 7 potions of curing
 j - a potion of resistance
 m - 3 potions of mutation
 n - 3 potions of heal wounds
 p - 3 potions of might
 q - a potion of enlightenment

Dungeon Overview and Level Annotations

Branches:
Dungeon (14/15)            Temple (0/1) D:7            Lair (5/5) D:9
  Swamp (0/4) Lair:2        Snake (0/4) Lair:2        Slime (0/5) Lair:4
    Orc (0/2) D:9          Vaults (0/5) D:14

Altars:
Fedhas
Makhleb
Okawaru
Sif Muna
Trog
Vehumet
Yredelemnul
The Shining One
Jiyva

Shops:
D:1 =   D:8 :(   D:9 :   D:11 *

Annotations:
D:4 3 runed translucent doors, qw's ghost, amateur MiHs
D:12 3 runed translucent doors, Nissa's ghost, journeyman MiFi
Lair:1 1 runed translucent door, qw's ghost, journeyman GrHs
Lair:5 2 runed translucent doors


Message History

The cyan ugly thing completely misses you.
A skeletal warrior opens the large door.
The ironbound preserver mumbles some strange words.
The ironbound preserver begins to accept its allies' injuries.
Something unseen opens the large door.
Found a potion of curing.
A green ugly thing comes into view.
18596 ||| Stepping ~*~*~tactically~*~*~ (retreating).
A meliai comes into view. It is wielding a +0 war axe.
The cyan ugly thing kicks you but does no damage.
The ironbound preserver attacks as it pursues you!
The ironbound preserver completely misses you.
18597 ||| Stepping ~*~*~tactically~*~*~ (retreating).
The cyan ugly thing completely misses you.
The meliai invokes the aid of its god against you.
Something smites you!
You shoot a bolt.
The bolt hits the ironbound preserver!!!
You kill the ironbound preserver!
Okawaru accepts your kill.
The meliai invokes the aid of its god against you.
Something smites you!
The tengu warrior completely misses you.
The tengu warrior pecks you but does no damage.
The tengu warrior completely misses you.
The cyan ugly thing completely misses you.
The tengu warrior completely misses you.
The tengu warrior pecks you but does no damage.
The tengu warrior claws you.
You hear a shout!
You shoot a bolt. The tengu warrior blocks the bolt.
The skeletal warrior hits you but does no damage.
The cyan ugly thing kicks you! The cyan ugly thing shocks you. You resist.
The tengu warrior completely misses you.
The tengu warrior pecks you but does no damage.
The tengu warrior claws you but does no damage.
A tengu warrior comes into view. It is wielding a +0 war axe.
The cyan ugly thing kicks you! The cyan ugly thing shocks you. You resist.
The skeletal warrior hits you with a +0 war axe!
You die...

#... .#..#.... #!..
#..#... #+### #..u.
#..#.. ....#####....
#..'. ....'..## ....#..Q
.#
..(<##..####''#..#######.
....##........).y/.......
....##.........zuQ.......
....########++#.@#''####.
##### #..#Q....
#..#.u...# #..#.....#
#..#.....# #..#....p#
#..####### #..#


You could see 2 ugly things, a skeletal warrior, 2 tengu warriors and a meliai.

Vanquished Creatures
  An ironbound preserver (D:14)
  Fannar (Lair:2)
  5 hydras
  A catoblepas (Lair:3)
  4 two-headed ogres
  4 boulder beetles
  10 death yaks (Lair:3)
  Urug (Lair:3)
  Amaemon (Lair:2)
  A fire crab (Lair:5)
  Lodul (D:10)
  2 bog bodies (Lair:2)
  A lindwurm (Lair:5)
  An oklob plant (Lair:3)
  2 deep elf pyromancers
  A salamander (Lair:2)
  2 cyclopes
  2 centaur zombies (D:12)
  13 elephants
  7 black mambas
  2 molten gargoyles (Lair:5)
  A gargoyle (D:12)
  An orange demon (Lair:2)
  11 cane toads
  A torpor snail (Lair:5)
  2 unseen horrors
  Maggie (D:8)
  8 komodo dragons
  2 rime drakes
  A kobold demonologist (D:11)
  2 trolls
  A meliai (shapeshifter) (D:13)
  A hornet (Lair:1)
  5 polar bears
  11 blink frogs
  4 dream sheep (Lair:4)
  5 slime creatures (D:12)
  11 wyverns
  2 wraiths
  42 yaks
  5 basilisks
  A steam dragon (Lair:5)
  9 vampire mosquitoes
  2 acid dragons
  A naga (Lair:2)
  15 water moccasins
  4 hell hounds (Lair:5)
  9 orc warriors
  An ice beast (D:7)
  A black bear (D:5)
  11 ogres
  8 wolves
  4 boggarts (D:12)
  5 centaurs
  5 kobold brigands
  2 gnoll sergeants
  13 bullfrogs
  7 scorpions
  14 wights
  3 howler monkeys
  5 lava snakes (Lair:5)
  15 jellies
  5 hounds
  A gnoll bouda (D:8)
  7 orc priests
  4 iguanas
  A sleepcap (D:7)
  7 orc wizards
  7 hell rats (Lair:3)
  13 adders
  21 gnolls
  A shadow imp (D:7)
  2 white imps (D:6)
  2 ufetubi
  A worm (D:2)
  3 dart slugs (D:4)
  84 orcs
  9 endoplasms
  A giant cockroach (D:1)
  9 goblins
  8 hobgoblins
  4 jackals (D:1)
  5 quokkas
  8 ball pythons
  10 bats
  19 kobolds
  5 rats
552 creatures vanquished.

Notes
Turn   | Place    | Note
-------+----------+-------------------------------------------
     0 | D:1      | qw the Gargoyle Hunter began the quest for the Orb.
     0 | D:1      | Reached XP level 1. HP: 12/12 MP: 1/1
     0 | D:1      | 0 ||| qw: Version: 0.3-a-74-g56b0e0c
     0 | D:1      | 0 ||| qw: Game counter: 6
     0 | D:1      | 0 ||| qw: Melee chars always use a shield: true
     0 | D:1      | 0 ||| qw: God list: Okawaru
     0 | D:1      | 0 ||| qw: Allow faded altars: false
     0 | D:1      | 0 ||| qw: Do Orc after clearing Dungeon:15 true
     0 | D:1      | 0 ||| qw: Do second Lair branch before Depths: true
     0 | D:1      | 0 ||| qw: Lair rune preference: random
     0 | D:1      | 0 ||| qw: Goals: Normal
     0 | D:1      | 0 ||| PLANNING D:1-11
   115 | D:1      | Reached XP level 2. HP: 17/17 MP: 2/2
   475 | D:1      | Reached XP level 3. HP: 21/21 MP: 3/3
   536 | D:1      | Found Saggynk's Jewellery Shoppe.
   541 | D:1      | 541 ||| SHOPLISTING +6 ring of dexterity (468 gold, have
                  | 33).
   541 | D:1      | 541 ||| SHOPLISTING amulet of the acrobat (390 gold, have
                  | 33).
   541 | D:1      | 541 ||| SHOPLISTING ring of Happiness {rN+ Will- rCorr
                  | Int+4} (460 gold, have 33).
   541 | D:1      | 541 ||| SHOPLISTING ring of protection from cold (325 gold,
                  | have 33).
   541 | D:1      | 541 ||| SHOPLISTING ring of see invisible (195 gold, have
                  | 33).
   556 | D:1      | Reached skill level 5 in Ranged Weapons
   679 | D:1      | 679 ||| UPGRADING to +1 robe of willpower.
   689 | D:1      | 689 ||| DROPPING amulet of magic regeneration.
   690 | D:1      | 690 ||| READING scroll labelled YLETAI JITON.
   693 | D:1      | 693 ||| READING scroll labelled UTSANA MEITOMM.
   694 | D:1      | 694 ||| READING 3 scrolls labelled ROMISU BOFIBE.
   695 | D:1      | 695 ||| DROPPING scroll of butterflies.
   696 | D:1      | 696 ||| DROPPING 2 scrolls of noise.
   736 | D:2      | 736 ||| UPGRADING to +6 ring of dexterity.
   840 | D:2      | Reached skill level 3 in Fighting
   840 | D:2      | Reached XP level 4. HP: 28/28 MP: 4/4
  1082 | D:2      | Identified the +6 whip of Slow Death {freeze, +Blink Int+5}
  1332 | D:2      | 1332 ||| UPGRADING to +0 pair of boots.
  1337 | D:2      | 1337 ||| READING scroll labelled TAOWAE VIFOD.
  1364 | D:3      | 1364 ||| RETREATING.
  1365 | D:3      | 1365 ||| Stepping ~*~*~tactically~*~*~ (outnumbered).
  1370 | D:3      | 1370 ||| Stepping ~*~*~tactically~*~*~ (retreating).
  1371 | D:3      | 1371 ||| Stepping ~*~*~tactically~*~*~ (retreating).
  1372 | D:3      | 1372 ||| Stepping ~*~*~tactically~*~*~ (outnumbered).
  1441 | D:3      | Reached XP level 5. HP: 32/32 MP: 5/5
  1551 | D:3      | Reached skill level 6 in Ranged Weapons
  1809 | D:3      | Found an iron altar of Okawaru.
  1809 | D:3      | Found a blossoming altar of Fedhas.
  1809 | D:3      | Found a glowing golden altar of the Shining One.
  1809 | D:3      | Found a shimmering blue altar of Sif Muna.
  1810 | D:3      | 1810 ||| PLANNING OKAWARU WORSHIP
  1810 | D:3      | 1810 ||| DROPPING ring of flight.
  1811 | D:3      | 1811 ||| READING scroll labelled YMMAOHEECK.
  1812 | D:3      | 1812 ||| READING 3 scrolls labelled LOZABOZ VOSO.
  1813 | D:3      | 1813 ||| READING scroll labelled ELENARRUSIA.
  1814 | D:3      | 1814 ||| DRINKING 2 grey potions.
  1815 | D:3      | 1815 ||| DRINKING 2 fizzy inky potions.
  1816 | D:3      | 1816 ||| DRINKING 2 viscous grey potions.
  1817 | D:3      | 1817 ||| DROPPING 2 scrolls of immolation.
  1821 | D:3      | Became a worshipper of Warmaster Okawaru
  1822 | D:3      | 1822 ||| PLANNING D:1-11
  1827 | D:3      | Found a bloodstained altar of Trog.
  1839 | D:3      | Found a burning altar of Makhleb.
  1954 | D:3      | 1954 ||| READING scroll labelled WIERGHI VAAT.
  1955 | D:3      | 1955 ||| DRINKING 2 blue potions.
  2176 | D:4      | Reached XP level 6. HP: 27/38 MP: 6/6
  2269 | D:4      | Noticed qw's ghost (amateur MiHs)
  2271 | D:4      | Found a runed translucent gate.
  2271 | D:4      | Found a runed translucent gate.
  2271 | D:4      | Found a runed translucent gate.
  2719 | D:4      | 2719 ||| DROPPING +0 leather armour.
  2720 | D:4      | 2720 ||| UPGRADING to +0 cloak.
  2725 | D:4      | 2725 ||| READING scroll labelled OSMUBU MEECAKO.
  2826 | D:4      | 2826 ||| DRINKING 3 fizzy clear potions.
  2827 | D:4      | 2827 ||| READING 2 scrolls of identify.
  2827 | D:4      | 2827 ||| IDENTIFYING glowing inky potion
  2828 | D:4      | 2828 ||| DROPPING potion of berserk rage.
  2829 | D:4      | 2829 ||| DROPPING 2 potions of degeneration.
  2856 | D:5      | Entered Level 5 of the Dungeon
  2862 | D:5      | Reached skill level 1 in Armour
  2878 | D:5      | Reached skill level 7 in Ranged Weapons
  2887 | D:5      | Reached XP level 7. HP: 23/43 MP: 7/7
  2892 | D:5      | 2892 ||| Stepping ~*~*~tactically~*~*~ (outnumbered).
  2893 | D:5      | 2893 ||| FLEEEEING.
  2897 | D:5      | 2897 ||| FLEEEEING.
  2898 | D:5      | 2898 ||| STAIRDANCE
  3033 | D:5      | Reached * piety under Okawaru
  3040 | D:5      | 3040 ||| INVOKING Heroism.
  3109 | D:5      | Reached skill level 8 in Ranged Weapons
  3155 | D:5      | 3155 ||| Stepping ~*~*~tactically~*~*~ (outnumbered).
  3156 | D:5      | 3156 ||| READING scroll of enchant weapon.
  3156 | D:5      | 3156 ||| ENCHANTING +1 shortbow.
  3158 | D:5      | 3158 ||| Stepping ~*~*~tactically~*~*~ (outnumbered).
  3160 | D:5      | 3160 ||| Stepping ~*~*~tactically~*~*~ (outnumbered).
  3171 | D:5      | 3171 ||| INVOKING Heroism.
  3172 | D:5      | HP: 10/43 [gnoll sergeant/+2 spear of venom (6)]
  3173 | D:5      | 3173 ||| READING 2 scrolls of teleportation.
  3174 | D:5      | 3174 ||| DRINKING potion of heal wounds.
  3275 | D:5      | Reached skill level 1 in Invocations
  3516 | D:5      | 3516 ||| DROPPING amulet of guardian spirit.
  3517 | D:5      | 3517 ||| UPGRADING to ring of protection from cold.
  3518 | D:5      | 3518 ||| READING scroll labelled HEAKODYAPO.
  3519 | D:5      | 3519 ||| READING scroll labelled PENODAUMEJ.
  3520 | D:5      | 3520 ||| READING 2 scrolls of identify.
  3520 | D:5      | 3520 ||| IDENTIFYING black potion
  3521 | D:5      | 3521 ||| DROPPING potion of attraction.
  3643 | D:6      | Reached XP level 8. HP: 48/49 MP: 9/9
  3695 | D:6      | 3695 ||| INVOKING Heroism.
  3725 | D:6      | 3725 ||| INVOKING Heroism.
  3731 | D:6      | Identified the +6 short sword of the Ass {flame, Contam Fly
                  | rPois SInv}
  3751 | D:6      | Reached skill level 3 in Invocations
  3781 | D:6      | Found a radiant altar of Vehumet.
  4291 | D:6      | 4291 ||| READING scroll labelled JASSOA DAYMUIGGI.
  4466 | D:7      | Reached skill level 9 in Ranged Weapons
  4478 | D:7      | 4478 ||| INVOKING Heroism.
  4489 | D:7      | HP: 11/49 [gnoll sergeant/+0 trident (6)]
  4490 | D:7      | 4490 ||| READING scroll of teleportation.
  4490 | D:7      | HP: 5/49 [gnoll sergeant/+0 trident (7)]
  4491 | D:7      | 4491 ||| DRINKING potion of heal wounds.
  4497 | D:7      | Reached skill level 3 in Dodging
  4685 | D:7      | 4685 ||| INVOKING Heroism.
  4784 | D:7      | Reached skill level 6 in Fighting
  4797 | D:7      | Reached XP level 9. HP: 50/55 MP: 12/12
  4928 | D:7      | Reached ** piety under Okawaru
  4929 | D:7      | Found a staircase to the Ecumenical Temple.
  5257 | D:7      | 5257 ||| READING 2 scrolls of identify.
  5257 | D:7      | 5257 ||| IDENTIFYING red potion
  5258 | D:7      | 5258 ||| DROPPING potion of brilliance.
  5395 | D:8      | Reached skill level 10 in Ranged Weapons
  5472 | D:8      | Noticed Maggie
  5491 | D:8      | 5491 ||| INVOKING Heroism.
  5496 | D:8      | Killed Maggie
  5509 | D:8      | 5509 ||| FLEEEEING.
  5510 | D:8      | 5510 ||| FLEEEEING.
  5514 | D:8      | 5514 ||| FLEEEEING.
  5515 | D:8      | 5515 ||| FLEEEEING.
  5516 | D:8      | 5516 ||| FLEEEEING.
  5517 | D:8      | 5517 ||| STAIRDANCE
  5582 | D:7      | 5582 ||| READING scroll labelled ASAL LIURR.
  5630 | D:8      | 5630 ||| STAIRDANCE
  5684 | D:8      | 5684 ||| STAIRDANCE
  5724 | D:8      | Identified the +6 scale mail "Ivun" {Str+2 Dex+3}
  5832 | D:8      | Found a flagged portal.
  5841 | D:8      | 5841 ||| Stepping ~*~*~tactically~*~*~ (water).
  5891 | D:8      | Found Koagoora's Book Boutique.
  5997 | D:8      | Found Xipnoing's Weapon Emporium.
  6005 | D:8      | 6005 ||| BUYING +0 arbalest (63 gold).
  6005 | D:8      | Bought a +0 arbalest for 63 gold pieces
  6005 | D:8      | 6005 ||| SWAPPING to +0 arbalest.
  6006 | D:8      | 6006 ||| DROPPING +2 shortbow.
  6037 | D:8      | 6037 ||| INVOKING Heroism.
  6041 | D:8      | 6041 ||| Stepping ~*~*~tactically~*~*~ (retreating).
  6042 | D:8      | 6042 ||| Stepping ~*~*~tactically~*~*~ (retreating).
  6043 | D:8      | 6043 ||| Stepping ~*~*~tactically~*~*~ (retreating).
  6045 | D:8      | 6045 ||| Stepping ~*~*~tactically~*~*~ (retreating).
  6046 | D:8      | 6046 ||| Stepping ~*~*~tactically~*~*~ (retreating).
  6047 | D:8      | 6047 ||| Stepping ~*~*~tactically~*~*~ (retreating).
  6048 | D:8      | 6048 ||| Stepping ~*~*~tactically~*~*~ (retreating).
  6049 | D:8      | 6049 ||| Stepping ~*~*~tactically~*~*~ (retreating).
  6050 | D:8      | 6050 ||| Stepping ~*~*~tactically~*~*~ (retreating).
  6051 | D:8      | 6051 ||| Stepping ~*~*~tactically~*~*~ (retreating).
  6052 | D:8      | 6052 ||| Stepping ~*~*~tactically~*~*~ (retreating).
  6053 | D:8      | 6053 ||| Stepping ~*~*~tactically~*~*~ (retreating).
  6054 | D:8      | 6054 ||| Stepping ~*~*~tactically~*~*~ (retreating).
  6055 | D:8      | 6055 ||| Stepping ~*~*~tactically~*~*~ (retreating).
  6057 | D:8      | 6057 ||| INVOKING Heroism.
  6192 | D:8      | 6192 ||| INVOKING Heroism.
  6197 | D:8      | Reached skill level 11 in Ranged Weapons
  6211 | D:8      | Reached XP level 10. HP: 63/63 MP: 13/13
  6302 | D:8      | 6302 ||| UPGRADING to +0 acid dragon scales.
  6312 | D:8      | 6312 ||| DROPPING +1 robe of willpower.
  6313 | D:8      | 6313 ||| DROPPING +0 ring mail.
  6314 | D:8      | 6314 ||| READING 2 scrolls of identify.
  6314 | D:8      | 6314 ||| IDENTIFYING murky yellow potion
  6315 | D:8      | 6315 ||| DROPPING potion of ambrosia.
  6369 | D:9      | Found Patabrua's Tiny Tomes.
  6526 | D:9      | Reached skill level 3 in Armour
  6896 | D:9      | Found a staircase to the Lair.
  6911 | D:9      | 6911 ||| INVOKING Heroism.
  6966 | D:9      | Found a staircase to the Orcish Mines.
  7067 | D:9      | 7067 ||| PLANNING LAIR
  7067 | D:9      | 7067 ||| READING scroll labelled WESUXI HAUG.
  7112 | Lair:1   | Entered Level 1 of the Lair of Beasts
  7121 | Lair:1   | 7121 ||| INVOKING Heroism.
  7151 | Lair:1   | 7151 ||| RETREATING.
  7157 | Lair:1   | 7157 ||| Stepping ~*~*~tactically~*~*~ (retreating).
  7158 | Lair:1   | 7158 ||| Stepping ~*~*~tactically~*~*~ (retreating).
  7159 | Lair:1   | 7159 ||| Stepping ~*~*~tactically~*~*~ (retreating).
  7163 | Lair:1   | 7163 ||| INVOKING Heroism.
  7166 | Lair:1   | Reached *** piety under Okawaru
  7167 | Lair:1   | Reached skill level 12 in Ranged Weapons
  7304 | Lair:1   | 7304 ||| RETREATING.
  7312 | Lair:1   | Reached **** piety under Okawaru
  7314 | Lair:1   | 7314 ||| INVOKING Heroism.
  7322 | Lair:1   | Reached skill level 13 in Ranged Weapons
  7475 | Lair:1   | 7475 ||| RETREATING.
  7477 | Lair:1   | Reached XP level 11. HP: 49/68 MP: 14/14
  7477 | Lair:1   | 7477 ||| FLEEEEING.
  7478 | Lair:1   | 7478 ||| FLEEEEING.
  7479 | Lair:1   | 7479 ||| FLEEEEING.
  7480 | Lair:1   | 7480 ||| FLEEEEING.
  7481 | Lair:1   | 7481 ||| FLEEEEING.
  7482 | Lair:1   | 7482 ||| FLEEEEING.
  7483 | Lair:1   | 7483 ||| FLEEEEING.
  7484 | Lair:1   | 7484 ||| FLEEEEING.
  7485 | Lair:1   | 7485 ||| FLEEEEING.
  7486 | Lair:1   | 7486 ||| FLEEEEING.
  7487 | Lair:1   | 7487 ||| FLEEEEING.
  7488 | Lair:1   | 7488 ||| FLEEEEING.
  7489 | Lair:1   | 7489 ||| FLEEEEING.
  7490 | Lair:1   | 7490 ||| FLEEEEING.
  7491 | Lair:1   | 7491 ||| FLEEEEING.
  7492 | Lair:1   | 7492 ||| FLEEEEING.
  7498 | Lair:1   | 7498 ||| FLEEEEING.
  7499 | Lair:1   | 7499 ||| FLEEEEING.
  7500 | Lair:1   | 7500 ||| FLEEEEING.
  7501 | Lair:1   | 7501 ||| FLEEEEING.
  7502 | Lair:1   | 7502 ||| FLEEEEING.
  7503 | Lair:1   | 7503 ||| FLEEEEING.
  7504 | Lair:1   | 7504 ||| FLEEEEING.
  7506 | Lair:1   | 7506 ||| FLEEEEING.
  7507 | Lair:1   | 7507 ||| FLEEEEING.
  7508 | Lair:1   | 7508 ||| FLEEEEING.
  7509 | Lair:1   | 7509 ||| FLEEEEING.
  7510 | Lair:1   | 7510 ||| FLEEEEING.
  7511 | Lair:1   | 7511 ||| FLEEEEING.
  7512 | Lair:1   | 7512 ||| FLEEEEING.
  7513 | Lair:1   | 7513 ||| FLEEEEING.
  7514 | Lair:1   | 7514 ||| FLEEEEING.
  7515 | Lair:1   | 7515 ||| FLEEEEING.
  7516 | Lair:1   | 7516 ||| FLEEEEING.
  7517 | Lair:1   | 7517 ||| FLEEEEING.
  7518 | Lair:1   | 7518 ||| FLEEEEING.
  7519 | Lair:1   | 7519 ||| FLEEEEING.
  7520 | Lair:1   | 7520 ||| FLEEEEING.
  7521 | Lair:1   | 7521 ||| FLEEEEING.
  7522 | Lair:1   | 7522 ||| FLEEEEING.
  7602 | Lair:1   | Noticed qw's ghost (journeyman GrHs)
  7606 | Lair:1   | Found a runed translucent door.
  7662 | Lair:1   | 7662 ||| INVOKING Heroism.
  7846 | Lair:1   | 7846 ||| INVOKING Heroism.
  7850 | Lair:1   | Reached skill level 9 in Fighting
  7866 | Lair:1   | 7866 ||| INVOKING Heroism.
  7868 | Lair:1   | Reached skill level 6 in Invocations
  7953 | Lair:1   | 7953 ||| RETREATING.
  7955 | Lair:1   | 7955 ||| Stepping ~*~*~tactically~*~*~ (retreating).
  7958 | Lair:1   | 7958 ||| INVOKING Heroism.
  7961 | Lair:1   | 7961 ||| Stepping ~*~*~tactically~*~*~ (retreating).
  7962 | Lair:1   | 7962 ||| Stepping ~*~*~tactically~*~*~ (retreating).
  7963 | Lair:1   | 7963 ||| Stepping ~*~*~tactically~*~*~ (retreating).
  7964 | Lair:1   | 7964 ||| Stepping ~*~*~tactically~*~*~ (retreating).
  7990 | Lair:1   | 7990 ||| FLEEEEING.
  7991 | Lair:1   | 7991 ||| FLEEEEING.
  7992 | Lair:1   | 7992 ||| FLEEEEING.
  7993 | Lair:1   | 7993 ||| INVOKING Heroism.
  8089 | Lair:1   | 8089 ||| INVOKING Heroism.
  8495 | Lair:1   | 8495 ||| READING 2 scrolls of identify.
  8495 | Lair:1   | 8495 ||| IDENTIFYING brown potion
  8561 | Lair:2   | Noticed Amaemon
  8562 | Lair:2   | 8562 ||| RETREATING.
  8567 | Lair:2   | 8567 ||| Stepping ~*~*~tactically~*~*~ (outnumbered).
  8569 | Lair:2   | 8569 ||| Stepping ~*~*~tactically~*~*~ (outnumbered).
  8570 | Lair:2   | 8570 ||| Stepping ~*~*~tactically~*~*~ (retreating).
  8571 | Lair:2   | 8571 ||| INVOKING Heroism.
  8573 | Lair:2   | 8573 ||| Stepping ~*~*~tactically~*~*~ (retreating).
  8575 | Lair:2   | 8575 ||| Stepping ~*~*~tactically~*~*~ (retreating).
  8576 | Lair:2   | 8576 ||| Stepping ~*~*~tactically~*~*~ (retreating).
  8577 | Lair:2   | 8577 ||| Stepping ~*~*~tactically~*~*~ (retreating).
  8578 | Lair:2   | 8578 ||| Stepping ~*~*~tactically~*~*~ (retreating).
  8579 | Lair:2   | 8579 ||| Stepping ~*~*~tactically~*~*~ (retreating).
  8580 | Lair:2   | 8580 ||| Stepping ~*~*~tactically~*~*~ (retreating).
  8581 | Lair:2   | 8581 ||| Stepping ~*~*~tactically~*~*~ (retreating).
  8586 | Lair:2   | 8586 ||| Stepping ~*~*~tactically~*~*~ (retreating).
  8587 | Lair:2   | 8587 ||| Stepping ~*~*~tactically~*~*~ (retreating).
  8588 | Lair:2   | 8588 ||| RETREATING.
  8590 | Lair:2   | 8590 ||| Stepping ~*~*~tactically~*~*~ (retreating).
  8591 | Lair:2   | 8591 ||| Stepping ~*~*~tactically~*~*~ (retreating).
  8592 | Lair:2   | 8592 ||| Stepping ~*~*~tactically~*~*~ (retreating).
  8594 | Lair:2   | 8594 ||| Stepping ~*~*~tactically~*~*~ (retreating).
  8595 | Lair:2   | 8595 ||| Stepping ~*~*~tactically~*~*~ (retreating).
  8596 | Lair:2   | 8596 ||| Stepping ~*~*~tactically~*~*~ (retreating).
  8597 | Lair:2   | 8597 ||| Stepping ~*~*~tactically~*~*~ (retreating).
  8598 | Lair:2   | 8598 ||| Stepping ~*~*~tactically~*~*~ (retreating).
  8603 | Lair:2   | 8603 ||| INVOKING Heroism.
  8606 | Lair:2   | Killed Amaemon
  8686 | Lair:2   | Found a staircase to the Swamp.
  8686 | Lair:2   | Noticed a bog body
  8687 | Lair:2   | Noticed a bog body
  8688 | Lair:2   | 8688 ||| RETREATING.
  8695 | Lair:2   | Killed a bog body
  8697 | Lair:2   | Killed a bog body
  8808 | Lair:2   | 8808 ||| RETREATING.
  8810 | Lair:2   | 8810 ||| Stepping ~*~*~tactically~*~*~ (retreating).
  8844 | Lair:2   | Reached skill level 14 in Ranged Weapons
  8853 | Lair:2   | 8853 ||| INVOKING Heroism.
  8955 | Lair:2   | 8955 ||| INVOKING Heroism.
  8966 | Lair:2   | Noticed a five-headed hydra
  8968 | Lair:2   | Killed a five-headed hydra
  8969 | Lair:2   | Reached XP level 12. HP: 76/76 MP: 16/18
  8971 | Lair:2   | Noticed Fannar
  8981 | Lair:2   | 8981 ||| INVOKING Heroism.
  8984 | Lair:2   | Killed Fannar
  9111 | Lair:2   | 9111 ||| INVOKING Heroism.
  9246 | Lair:2   | 9246 ||| INVOKING Heroism.
  9437 | Lair:2   | 9437 ||| INVOKING Heroism.
  9485 | Lair:2   | 9485 ||| qw: Version: 0.3-a-74-g56b0e0c
  9485 | Lair:2   | 9485 ||| qw: Game counter: 1
  9485 | Lair:2   | 9485 ||| qw: Melee chars always use a shield: true
  9485 | Lair:2   | 9485 ||| qw: Do Orc after clearing Dungeon:15 true
  9485 | Lair:2   | 9485 ||| qw: Do second Lair branch before Depths: true
  9485 | Lair:2   | 9485 ||| qw: Lair rune preference: random
  9485 | Lair:2   | 9485 ||| qw: Goals: Normal
  9485 | Lair:2   | 9485 ||| PLANNING D:1-11
  9922 | D:9      | 9922 ||| PLANNING LAIR
 10029 | Lair:2   | Reached skill level 9 in Invocations
 10140 | Lair:2   | Found a staircase to the Snake Pit.
 10318 | Lair:3   | 10318 ||| INVOKING Heroism.
 10433 | Lair:3   | 10433 ||| INVOKING Heroism.
 10438 | Lair:3   | 10438 ||| Stepping ~*~*~tactically~*~*~ (retreating).
 10439 | Lair:3   | 10439 ||| RETREATING.
 10440 | Lair:3   | 10440 ||| RETREATING.
 10442 | Lair:3   | 10442 ||| Stepping ~*~*~tactically~*~*~ (retreating).
 10443 | Lair:3   | 10443 ||| Stepping ~*~*~tactically~*~*~ (retreating).
 10444 | Lair:3   | 10444 ||| Stepping ~*~*~tactically~*~*~ (retreating).
 10445 | Lair:3   | 10445 ||| Stepping ~*~*~tactically~*~*~ (retreating).
 10446 | Lair:3   | 10446 ||| Stepping ~*~*~tactically~*~*~ (retreating).
 10449 | Lair:3   | 10449 ||| Stepping ~*~*~tactically~*~*~ (retreating).
 10450 | Lair:3   | 10450 ||| Stepping ~*~*~tactically~*~*~ (retreating).
 10453 | Lair:3   | 10453 ||| Stepping ~*~*~tactically~*~*~ (retreating).
 10454 | Lair:3   | 10454 ||| Stepping ~*~*~tactically~*~*~ (retreating).
 10455 | Lair:3   | 10455 ||| Stepping ~*~*~tactically~*~*~ (retreating).
 10456 | Lair:3   | 10456 ||| Stepping ~*~*~tactically~*~*~ (retreating).
 10457 | Lair:3   | 10457 ||| Stepping ~*~*~tactically~*~*~ (retreating).
 10458 | Lair:3   | 10458 ||| Stepping ~*~*~tactically~*~*~ (retreating).
 10459 | Lair:3   | 10459 ||| Stepping ~*~*~tactically~*~*~ (retreating).
 10626 | Lair:3   | Noticed a boulder beetle
 10627 | Lair:3   | 10627 ||| RETREATING.
 10631 | Lair:3   | 10631 ||| Stepping ~*~*~tactically~*~*~ (retreating).
 10637 | Lair:3   | 10637 ||| INVOKING Heroism.
 10686 | Lair:3   | Reached ***** piety under Okawaru
 10699 | Lair:3   | Noticed an eight-headed hydra
 10700 | Lair:3   | 10700 ||| INVOKING Heroism.
 10704 | Lair:3   | Killed an eight-headed hydra
 10749 | Lair:3   | Noticed a death yak
 10751 | Lair:3   | 10751 ||| INVOKING Heroism.
 10751 | Lair:3   | Noticed a death yak
 10752 | Lair:3   | 10752 ||| RETREATING.
 10757 | Lair:3   | 10757 ||| Stepping ~*~*~tactically~*~*~ (retreating).
 10759 | Lair:3   | 10759 ||| Stepping ~*~*~tactically~*~*~ (retreating).
 10760 | Lair:3   | 10760 ||| Stepping ~*~*~tactically~*~*~ (retreating).
 10760 | Lair:3   | Noticed a death yak
 10761 | Lair:3   | 10761 ||| Stepping ~*~*~tactically~*~*~ (retreating).
 10761 | Lair:3   | Noticed a death yak
 10762 | Lair:3   | 10762 ||| Stepping ~*~*~tactically~*~*~ (retreating).
 10762 | Lair:3   | Noticed a death yak
 10763 | Lair:3   | 10763 ||| Stepping ~*~*~tactically~*~*~ (retreating).
 10764 | Lair:3   | 10764 ||| Stepping ~*~*~tactically~*~*~ (retreating).
 10766 | Lair:3   | 10766 ||| Stepping ~*~*~tactically~*~*~ (retreating).
 10767 | Lair:3   | 10767 ||| Stepping ~*~*~tactically~*~*~ (retreating).
 10768 | Lair:3   | 10768 ||| INVOKING Heroism.
 10772 | Lair:3   | Killed a death yak
 10776 | Lair:3   | Killed a death yak
 10776 | Lair:3   | HP: 17/77 [death yak (12)]
 10777 | Lair:3   | Reached skill level 15 in Ranged Weapons
 10777 | Lair:3   | 10777 ||| READING 2 scrolls of teleportation.
 10778 | Lair:3   | Killed a death yak
 10780 | Lair:3   | 10780 ||| READING scroll of teleportation.
 10782 | Lair:3   | Noticed a death yak
 10782 | Lair:3   | Noticed a death yak
 10783 | Lair:3   | 10783 ||| INVOKING Finesse.
 10787 | Lair:3   | Killed a death yak
 10787 | Lair:3   | Noticed a death yak
 10790 | Lair:3   | Noticed a death yak
 10792 | Lair:3   | Killed a death yak
 10793 | Lair:3   | Reached skill level 6 in Dodging
 10796 | Lair:3   | Killed a death yak
 10799 | Lair:3   | HP: 7/77 [death yak (15)]
 10800 | Lair:3   | Killed a death yak
 10801 | Lair:3   | Reached XP level 13. HP: 7/82 MP: 16/20
 10810 | Lair:3   | 10810 ||| FLEEEEING.
 10811 | Lair:3   | 10811 ||| FLEEEEING.
 10812 | Lair:3   | 10812 ||| FLEEEEING.
 10814 | Lair:3   | 10814 ||| FLEEEEING.
 10815 | Lair:3   | 10815 ||| FLEEEEING.
 10816 | Lair:3   | 10816 ||| FLEEEEING.
 10817 | Lair:3   | 10817 ||| INVOKING Heroism.
 10819 | Lair:3   | 10819 ||| STAIRDANCE
 11157 | Lair:3   | 11157 ||| INVOKING Heroism.
 11183 | Lair:3   | 11183 ||| INVOKING Finesse.
 11189 | Lair:3   | 11189 ||| INVOKING Heroism.
 11191 | Lair:3   | 11191 ||| RETREATING.
 11205 | Lair:3   | Reached skill level 16 in Ranged Weapons
 11259 | Lair:3   | Received a gift from Okawaru
 11261 | Lair:3   | 11261 ||| RETREATING.
 11268 | Lair:3   | 11268 ||| Stepping ~*~*~tactically~*~*~ (retreating).
 11275 | Lair:3   | 11275 ||| INVOKING Heroism.
 11278 | Lair:3   | Reached skill level 6 in Armour
 11332 | Lair:3   | 11332 ||| INVOKING Heroism.
 11392 | Lair:3   | 11392 ||| INVOKING Heroism.
 11398 | Lair:3   | Noticed Urug
 11404 | Lair:3   | 11404 ||| Stepping ~*~*~tactically~*~*~ (retreating).
 11405 | Lair:3   | 11405 ||| Stepping ~*~*~tactically~*~*~ (retreating).
 11406 | Lair:3   | 11406 ||| Stepping ~*~*~tactically~*~*~ (retreating).
 11407 | Lair:3   | 11407 ||| RETREATING.
 11408 | Lair:3   | 11408 ||| Stepping ~*~*~tactically~*~*~ (retreating).
 11409 | Lair:3   | 11409 ||| Stepping ~*~*~tactically~*~*~ (retreating).
 11410 | Lair:3   | 11410 ||| Stepping ~*~*~tactically~*~*~ (retreating).
 11411 | Lair:3   | 11411 ||| Stepping ~*~*~tactically~*~*~ (retreating).
 11416 | Lair:3   | 11416 ||| Stepping ~*~*~tactically~*~*~ (retreating).
 11419 | Lair:3   | 11419 ||| INVOKING Heroism.
 11420 | Lair:3   | HP: 20/83 [Urug/+3 demon trident of pain (10)]
 11420 | Lair:3   | HP: 6/83 [Urug/+3 demon trident of pain (14)]
 11421 | Lair:3   | 11421 ||| DRINKING potion of heal wounds.
 11426 | Lair:3   | Killed Urug
 11428 | Lair:3   | HP: 16/84 [boulder beetle (18)]
 11661 | Lair:3   | 11661 ||| READING 3 scrolls of enchant weapon.
 11661 | Lair:3   | 11661 ||| ENCHANTING +0 heavy arbalest.
 11662 | Lair:3   | 11662 ||| READING 2 scrolls of enchant weapon.
 11662 | Lair:3   | 11662 ||| ENCHANTING +1 heavy arbalest.
 11663 | Lair:3   | 11663 ||| READING scroll of enchant weapon.
 11663 | Lair:3   | 11663 ||| ENCHANTING +2 heavy arbalest.
 11830 | Lair:3   | 11830 ||| DROPPING +0 heavy orcbow.
 12138 | Lair:4   | 12138 ||| INVOKING Heroism.
 12168 | Lair:4   | Found a viscous altar of Jiyva.
 12169 | Lair:4   | Found a staircase to the Slime Pits.
 12303 | Lair:4   | You fall into a shaft and drop 1 floor!
 12303 | Lair:5   | Entered Level 5 of the Lair of Beasts
 12304 | Lair:5   | 12304 ||| INVOKING Heroism.
 12457 | Lair:5   | Found a large runed translucent door.
 12458 | Lair:5   | Found a large runed translucent door.
 12462 | Lair:5   | 12462 ||| RETREATING.
 12506 | Lair:5   | Noticed a fire dragon
 12519 | Lair:5   | 12519 ||| INVOKING Heroism.
 12577 | Lair:5   | 12577 ||| INVOKING Heroism.
 12580 | Lair:5   | Reached skill level 17 in Ranged Weapons
 12686 | Lair:5   | 12686 ||| INVOKING Heroism.
 12687 | Lair:5   | 12687 ||| RETREATING.
 12689 | Lair:5   | 12689 ||| INVOKING Finesse.
 12734 | Lair:5   | 12734 ||| INVOKING Heroism.
 12831 | Lair:5   | 12831 ||| UPGRADING to +3 leather armour.
 12841 | Lair:5   | 12841 ||| DROPPING +0 acid dragon scales.
 12842 | Lair:5   | 12842 ||| DROPPING +1 robe of cold resistance.
 12843 | Lair:5   | 12843 ||| READING 2 scrolls of identify.
 12843 | Lair:5   | 12843 ||| IDENTIFYING fizzy golden potion
 12947 | Lair:4   | 12947 ||| RETREATING.
 12948 | Lair:4   | 12948 ||| Stepping ~*~*~tactically~*~*~ (retreating).
 12949 | Lair:4   | 12949 ||| Stepping ~*~*~tactically~*~*~ (retreating).
 12950 | Lair:4   | 12950 ||| Stepping ~*~*~tactically~*~*~ (retreating).
 12951 | Lair:4   | 12951 ||| Stepping ~*~*~tactically~*~*~ (retreating).
 12952 | Lair:4   | 12952 ||| Stepping ~*~*~tactically~*~*~ (retreating).
 12953 | Lair:4   | 12953 ||| Stepping ~*~*~tactically~*~*~ (retreating).
 12954 | Lair:4   | 12954 ||| Stepping ~*~*~tactically~*~*~ (retreating).
 12955 | Lair:4   | 12955 ||| Stepping ~*~*~tactically~*~*~ (retreating).
 13062 | Lair:4   | Gained mutation: Your large and strong wings let you fly.
                  | [Gargoyle growth]
 13062 | Lair:4   | Reached XP level 14. HP: 90/90 MP: 21/21
 13191 | Lair:4   | 13191 ||| RETREATING.
 13471 | Lair:5   | 13471 ||| STAIRDANCE
 13475 | Lair:5   | 13475 ||| STAIRDANCE
 13477 | Lair:4   | 13477 ||| Stepping ~*~*~tactically~*~*~ (retreating).
 13478 | Lair:4   | 13478 ||| Stepping ~*~*~tactically~*~*~ (retreating).
 13479 | Lair:4   | 13479 ||| Stepping ~*~*~tactically~*~*~ (retreating).
 13480 | Lair:4   | 13480 ||| Stepping ~*~*~tactically~*~*~ (retreating).
 13481 | Lair:4   | 13481 ||| Stepping ~*~*~tactically~*~*~ (retreating).
 13482 | Lair:4   | 13482 ||| Stepping ~*~*~tactically~*~*~ (retreating).
 13483 | Lair:4   | 13483 ||| Stepping ~*~*~tactically~*~*~ (retreating).
 13484 | Lair:4   | 13484 ||| Stepping ~*~*~tactically~*~*~ (retreating).
 13569 | Lair:5   | 13569 ||| STAIRDANCE
 13571 | Lair:4   | 13571 ||| Stepping ~*~*~tactically~*~*~ (retreating).
 13572 | Lair:4   | 13572 ||| Stepping ~*~*~tactically~*~*~ (retreating).
 13573 | Lair:4   | 13573 ||| Stepping ~*~*~tactically~*~*~ (retreating).
 13574 | Lair:4   | 13574 ||| Stepping ~*~*~tactically~*~*~ (retreating).
 13575 | Lair:4   | 13575 ||| Stepping ~*~*~tactically~*~*~ (retreating).
 13576 | Lair:4   | 13576 ||| Stepping ~*~*~tactically~*~*~ (retreating).
 13577 | Lair:4   | 13577 ||| Stepping ~*~*~tactically~*~*~ (retreating).
 13578 | Lair:4   | 13578 ||| Stepping ~*~*~tactically~*~*~ (retreating).
 13579 | Lair:4   | 13579 ||| Stepping ~*~*~tactically~*~*~ (retreating).
 13580 | Lair:4   | 13580 ||| Stepping ~*~*~tactically~*~*~ (retreating).
 13581 | Lair:4   | 13581 ||| Stepping ~*~*~tactically~*~*~ (retreating).
 13582 | Lair:4   | 13582 ||| Stepping ~*~*~tactically~*~*~ (retreating).
 13583 | Lair:4   | 13583 ||| Stepping ~*~*~tactically~*~*~ (retreating).
 13584 | Lair:4   | 13584 ||| Stepping ~*~*~tactically~*~*~ (retreating).
 13585 | Lair:4   | 13585 ||| Stepping ~*~*~tactically~*~*~ (retreating).
 13586 | Lair:4   | 13586 ||| INVOKING Heroism.
 13587 | Lair:4   | Received a gift from Okawaru
 13594 | Lair:4   | 13594 ||| RETREATING.
 13595 | Lair:4   | 13595 ||| Stepping ~*~*~tactically~*~*~ (retreating).
 13746 | Lair:4   | 13746 ||| DROPPING +2 heavy arbalest.
 13764 | Lair:5   | 13764 ||| STAIRDANCE
 13767 | Lair:4   | Reached skill level 18 in Ranged Weapons
 13785 | Lair:5   | 13785 ||| STAIRDANCE
 13790 | Lair:5   | 13790 ||| STAIRDANCE
 13820 | Lair:5   | 13820 ||| STAIRDANCE
 13851 | Lair:5   | 13851 ||| STAIRDANCE
 13857 | Lair:5   | 13857 ||| STAIRDANCE
 13863 | Lair:5   | 13863 ||| STAIRDANCE
 13964 | Lair:5   | 13964 ||| INVOKING Heroism.
 13965 | Lair:5   | 13965 ||| INVOKING Finesse.
 14036 | Lair:5   | 14036 ||| STAIRDANCE
 14074 | Lair:4   | 14074 ||| READING 2 scrolls of identify.
 14074 | Lair:4   | 14074 ||| IDENTIFYING coppery potion
 14115 | Lair:5   | 14115 ||| RETREATING.
 14118 | Lair:5   | Reached skill level 12 in Fighting
 14120 | Lair:5   | 14120 ||| Stepping ~*~*~tactically~*~*~ (retreating).
 14121 | Lair:5   | 14121 ||| Stepping ~*~*~tactically~*~*~ (retreating).
 14126 | Lair:5   | 14126 ||| Stepping ~*~*~tactically~*~*~ (retreating).
 14127 | Lair:5   | 14127 ||| Stepping ~*~*~tactically~*~*~ (retreating).
 14128 | Lair:5   | 14128 ||| Stepping ~*~*~tactically~*~*~ (retreating).
 14129 | Lair:5   | 14129 ||| Stepping ~*~*~tactically~*~*~ (retreating).
 14130 | Lair:5   | 14130 ||| Stepping ~*~*~tactically~*~*~ (retreating).
 14257 | Lair:5   | 14257 ||| INVOKING Heroism.
 14444 | Lair:5   | 14444 ||| INVOKING Heroism.
 14899 | Lair:5   | 14899 ||| PLANNING D:1-11
 15054 | D:10     | Entered Level 10 of the Dungeon
 15270 | D:10     | Noticed Lodul
 15273 | D:10     | Killed Lodul
 15583 | D:10     | 15583 ||| UPGRADING to +1 pair of boots.
 15593 | D:10     | 15593 ||| DROPPING +0 pair of boots.
 15621 | D:11     | 15621 ||| PLANNING GAUNTLET
 15832 | D:11     | 15832 ||| Stepping ~*~*~tactically~*~*~ (outnumbered).
 15836 | D:11     | 15836 ||| Stepping ~*~*~tactically~*~*~ (outnumbered).
 15919 | D:11     | 15919 ||| INVOKING Heroism.
 15920 | D:11     | 15920 ||| INVOKING Finesse.
 16033 | D:11     | 16033 ||| RIP GAUNTLET
 16041 | D:11     | 16041 ||| PLANNING D:1-11
 16056 | D:11     | Found Ratzed's Changing Room.
 16144 | D:11     | 16144 ||| BUYING potion of mutation (88 gold).
 16144 | D:11     | Bought a potion of mutation for 88 gold pieces
 16144 | D:11     | 16144 ||| BUYING potion of mutation (88 gold).
 16144 | D:11     | Bought a potion of mutation for 88 gold pieces
 16268 | D:10     | 16268 ||| READING 4 scrolls of identify.
 16268 | D:10     | 16268 ||| IDENTIFYING amethyst potion
 16316 | D:11     | 16316 ||| Stepping ~*~*~tactically~*~*~ (outnumbered).
 16318 | D:11     | 16318 ||| Stepping ~*~*~tactically~*~*~ (outnumbered).
 16321 | D:11     | 16321 ||| Stepping ~*~*~tactically~*~*~ (outnumbered).
 16323 | D:11     | 16323 ||| Stepping ~*~*~tactically~*~*~ (outnumbered).
 16326 | D:11     | 16326 ||| Stepping ~*~*~tactically~*~*~ (outnumbered).
 16329 | D:11     | 16329 ||| Stepping ~*~*~tactically~*~*~ (outnumbered).
 16577 | D:11     | 16577 ||| PLANNING D
 16665 | D:12     | Found a frozen archway.
 16685 | D:12     | 16685 ||| RETREATING.
 16695 | D:12     | 16695 ||| Stepping ~*~*~tactically~*~*~ (retreating).
 16696 | D:12     | 16696 ||| Stepping ~*~*~tactically~*~*~ (retreating).
 16697 | D:12     | 16697 ||| INVOKING Heroism.
 16706 | D:12     | 16706 ||| INVOKING Heroism.
 16940 | D:12     | 16940 ||| INVOKING Heroism.
 17195 | D:12     | Found a runed translucent gate.
 17195 | D:12     | Found a runed translucent gate.
 17195 | D:12     | Found a runed translucent gate.
 17195 | D:12     | Noticed Nissa's ghost (journeyman MiFi)
 17197 | D:12     | Found a basalt altar of Yredelemnul.
 17403 | D:12     | 17403 ||| INVOKING Heroism.
 17404 | D:12     | 17404 ||| INVOKING Finesse.
 17407 | D:12     | Reached skill level 9 in Dodging
 17408 | D:12     | Received a gift from Okawaru
 18031 | D:13     | 18031 ||| INVOKING Heroism.
 18050 | D:13     | 18050 ||| Stepping randomly (disturbance).
 18051 | D:13     | 18051 ||| Stepping randomly (disturbance).
 18052 | D:13     | 18052 ||| Stepping randomly (disturbance).
 18053 | D:13     | 18053 ||| Stepping randomly (disturbance).
 18073 | D:13     | 18073 ||| Stepping randomly (disturbance).
 18074 | D:13     | 18074 ||| Stepping randomly (disturbance).
 18077 | D:13     | Reached XP level 15. HP: 90/99 MP: 22/22
 18422 | D:13     | 18422 ||| READING scroll labelled BUONKUAR EKLI.
 18455 | D:14     | 18455 ||| INVOKING Heroism.
 18586 | D:14     | Found a gate to the Vaults.
 18587 | D:14     | 18587 ||| RETREATING.
 18592 | D:14     | 18592 ||| INVOKING Heroism.
 18596 | D:14     | 18596 ||| Stepping ~*~*~tactically~*~*~ (retreating).
 18597 | D:14     | 18597 ||| Stepping ~*~*~tactically~*~*~ (retreating).
 18599 | D:14     | HP: 24/100 [cyan ugly thing (8)]
 18599 | D:14     | HP: 9/100 [cyan ugly thing (10)]
 18599 | D:14     | HP: 4/100 [cyan ugly thing (5)]
 18599 | D:14     | Mangled by a skeletal warrior

Levels and vault maps discovered:
D:1:      tarquinn_simple_flora_water_d, layout_loops_cross, serial_shops,
          nicolae_shop_hallway_plus
D:2:      layout_loops_ring, chequers_serial_rivers_small_b,
          nicolae_kite_square_tiling_tiny, nicolae_figureground_pulse
D:3:      layout_basic, minmay_overflow_temple_hex
D:4:      layout_basic, gammafunk_ghost_split
D:5:      layout_rooms
D:6:      layout_basic, mainiacjoe_overflow_cross_hatched
D:7:      layout_basic, minmay_temple_entry_glass, serial_bayou_pond_c
D:8:      layout_basic, special_room [special_room_orc], enter_bailey_4,
          serial_shops, nicolae_shop_bloodbath_and_beyond, shop_fountains,
          uniq_maggie
D:9:      layout_basic, lair_entry_dummy, hiddenorc1_lemuel,
          nicolae_shop_i_like_small_books_too
D:10:     old_forge, layout_loops_cross, uniq_lodul
D:11:     layout_roguey [special_room_orc], gauntlet_entry_generic,
          nicolae_transmutations_shop
D:12:     layout_gridville, portal_ice_cave_entry_pillars_1,
          nicolae_yredelemnul_ghost_church
D:13:     layout_grid_maze
D:14:     layout_roguey, skrybe_vaults_entry_preservation,
          chequers_serial_rivers_micro_b
Lair:1:   layout_cellular_growth, hellmonk_ghost_happy_afterlife,
          serial_bayou_shore_b, grunt_megastairs_2
Lair:2:   layout_regular_city, skrybe_swamp_entry_bodies,
          alex1729_snake_entry_snake, uniq_fannar, uniq_amaemon
Lair:3:   layout_regular_city, st_stairs_3, minivault_23, grunt_megastairs_3,
          uniq_urug
Lair:4:   layout_regular_city, minmay_slime_entry_jelly_boxes
Lair:5:   cheibrodos_lair_end_hotspot, layout_loops_ring,
          chequers_serial_rivers_small_3

Skill      XL: |  1  2  3  4  5  6  7  8  9 10 11 12 13 14 |
---------------+-------------------------------------------+-----
Ranged Weapons | 5 6 7 8 9 11 13 14 15 17 18 | 18.0
Fighting       | 3 4 5 6 7 8 9 10 11 13 | 13.9
Dodging        | 2 3 4 5 6 7 9 |  9.0
Armour         | 1 4 5 6 |  6.0
Invocations    | 2 4 8 10 | 10.0
Stealth        | |  1.1

Action                     |  1- 3 |  4- 6 |  7- 9 | 10-12 | 13-15 || total
---------------------------+-------+-------+-------+-------+-------++-------
   Fire: Shortbow          |   107 |   208 |   439 |       |       ||   754
         Arbalest          |       |       |    47 |   367 |   559 ||   973
 Invoke: Heroism           |       |       |    10 |    24 |    25 ||    59
         Finesse           |       |       |       |     1 |     5 ||     6
    Use: Scroll            |     3 |     7 |     9 |     5 |     7 ||    31
         Potion            |       |     5 |     2 |       |     1 ||     8
 Armour: Leather armour    |    29 |       |       |       |   153 ||   182
         Robe              |     4 |    27 |    82 |       |       ||   113
         Acid dragon scale |       |       |       |   135 |    56 ||   191
  Dodge: Dodged            |    45 |    76 |   150 |   298 |   459 ||  1028

Table legend:
 A = Non-vault XP
 B = Vault XP
 C = Vault XP percentage of total XP
 D = Non-vault monster count
 E = Vault monster count
 F = Vault count percentage of total count
                 A         B        C        D         E       F
            +---------+---------+-------+---------+---------+-------
      Total |   67845 |   21151 |  23.8 |     395 |     157 |  28.4
            +---------+---------+-------+---------+---------+-------
        D:1 |      42 |       0 |   0.0 |      23 |       0 |   0.0
        D:2 |      71 |       0 |   0.0 |      20 |       0 |   0.0
        D:3 |     167 |       0 |   0.0 |      20 |       0 |   0.0
        D:4 |     230 |       0 |   0.0 |      22 |       0 |   0.0
        D:5 |     624 |       0 |   0.0 |      20 |       0 |   0.0
        D:6 |     408 |       0 |   0.0 |      14 |       0 |   0.0
        D:7 |    1191 |       0 |   0.0 |      23 |       0 |   0.0
        D:8 |     914 |    1023 |  52.8 |      26 |      32 |  55.2
        D:9 |    1128 |     181 |  13.8 |      14 |      17 |  54.8
       D:10 |    2477 |    2064 |  45.5 |       9 |      19 |  67.9
       D:11 |    4810 |     866 |  15.3 |      36 |      27 |  42.9
       D:12 |    3713 |     988 |  21.0 |      15 |       2 |  11.8
       D:13 |    4002 |       0 |   0.0 |       9 |       0 |   0.0
       D:14 |    1114 |    1164 |  51.1 |       2 |       1 |  33.3
     Lair:1 |    6720 |     999 |  12.9 |      26 |       6 |  18.8
     Lair:2 |    3328 |    4143 |  55.5 |      13 |       7 |  35.0
     Lair:3 |   17148 |    2374 |  12.2 |      46 |       5 |   9.8
     Lair:4 |   10526 |     562 |   5.1 |      35 |      15 |  30.0
     Lair:5 |    9232 |    6787 |  42.4 |      22 |      26 |  54.2
            +---------+---------+-------+---------+---------+-------
